 Dungeon Crawl Stone Soup version 0.22.1-1-ga44c0e56f4 (webtiles) character file.

2786 Narretz the Archer (level 9, -2/67 HPs)
             Began as a Centaur Arcane Marksman on Oct 16, 2018.
             Was an Elder of Hepliaklqana.
             Shot with a bolt by an orc warrior (10 damage)
             ... in a bailey on Oct 26, 2018.
             The game lasted 00:58:08 (6892 turns).

Narretz the Archer (Centaur Arcane Marksman)        Turns: 6892, Time: 00:58:09

Health: -2/67      AC:  9    Str: 17    XL:     9   Next: 43%
Magic:  12/12      EV: 12    Int: 17    God:    Hepliaklqana [****..]
Gold:   429        SH:  0    Dex: 14    Spells: 9/12 levels left

rFire    . . .     SeeInvis +   a - +0 shortbow (velocity)
rCold    . . .     Gourm    .   (shield currently unavailable)
rNeg     . . .     Faith    +   e - +0 robe
rPois    +         Spirit   .   j - +1 helmet
rElec    .         Reflect  .   R - +0 cloak
rCorr    .         Harm     .   B - +1 pair of gloves of Hitue {*Drain rPois SInv Stlth+}
MR       .....                  (no barding)
Stlth    +++.......             k - amulet of faith
HPRegen  0.21/turn              F - +5 ring of strength
MPRegen  0.13/turn              J - +5 ring of intelligence

@: very quick
A: large, reduced essence, hooves 3, deformed body, speed 2, tough skin 3
a: Recall Ancestor, Ancestor Identity, Transference, Idealise, Renounce Religion


You were in a bailey.
You worshipped Hepliaklqana.
Hepliaklqana was greatly pleased with you.
You were not hungry.

You visited 1 branch of the dungeon, and saw 8 of its levels.
You also visited: Bailey.

You collected 429 gold pieces.

Inventory:

Hand Weapons
 a - a +0 shortbow of velocity (weapon)
 n - the +6 whip of Nywk {vamp, +Fly rElec rPois Int-3, unknown}
   (You found it on level 8 of the Dungeon)

   It inflicts no extra harm, but heals its wielder when it wounds a living foe.
   It affects your intelligence (-3).
   It insulates you from electricity.
   It protects you from poison.
   It lets you fly.
 y - a +3 whip
 O - the +0 whip of Fedhas's Pride {freeze, rElec rF+ Str+4}
   (You took it off an orc on level 5 of the Dungeon)

   It has been specially enchanted to freeze those struck by it, causing extra
   injury to most foes and up to half again as much damage against particularly
   susceptible opponents.
   It can also slow down cold-blooded creatures.
   It affects your strength (+4).
   It protects you from fire.
   It insulates you from electricity.
 T - a +2 flail of protection
Missiles
 d - 22 arrows (quivered)
 E - 16 poisoned needles
Armour
 e - a +0 robe (worn)
 j - a +1 helmet (worn)
 B - the +1 pair of gloves of Hitue (worn) {*Drain rPois SInv Stlth+}
   (You found it on level 4 of the Dungeon)

   It protects you from poison.
   It lets you see invisible.
   It causes draining when unequipped.
   It makes you more stealthy.
 R - a +0 cloak (worn)
Magical Staves
 G - an uncursed staff of summoning
Jewellery
 k - an amulet of faith (around neck)
 F - a +5 ring of strength (left hand)
 J - a +5 ring of intelligence (right hand)
 K - the ring of Yficloti {Fire rN+ Str+3}
   (You found it on level 5 of the Dungeon)

   [ring of fire]

   It enhances your fire magic.
   It affects your strength (+3).
   It protects you from fire.
   It makes you vulnerable to cold.
   It protects you from negative energy.
 P - an uncursed ring of resist corrosion
Wands
 Q - a wand of random effects (12)
Scrolls
 g - 8 scrolls of remove curse
 m - 14 scrolls of identify {unknown}
 q - 2 scrolls of enchant armour {unknown}
 s - a scroll of noise {unknown}
 u - a scroll of fog {unknown}
 x - 4 scrolls of immolation {unknown}
 z - 2 scrolls of teleportation {unknown}
 C - 2 scrolls of enchant weapon {unknown}
 L - a scroll of amnesia {unknown}
 M - a scroll of magic mapping {unknown}
Potions
 b - a potion of curing
 i - a potion of might {unknown}
 l - a potion of degeneration {unknown}
 o - 2 potions of mutation {unknown}
 r - a potion of berserk rage {unknown}
 t - 3 potions of flight {unknown}
 w - a potion of resistance {unknown}
 A - a potion of lignification {unknown}
 D - a potion of cancellation {unknown}
 H - a potion of invisibility
 I - a potion of brilliance {unknown}
 N - 2 potions of ambrosia {unknown}
 S - a potion of agility
Comestibles
 f - 15 rations


   Skills:
 + Level 6.0 Fighting
   Level 1.1 Short Blades
 + Level 1.6 Maces & Flails
 + Level 11.0 Bows
 + Level 4.0 Dodging
 + Level 2.0 Stealth
 + Level 2.4 Spellcasting
 + Level 3.8 Hexes
 + Level 1.0 Evocations


You had 9 spell levels left.
You knew the following spells:

 Your Spells              Type           Power        Failure   Level  Hunger
a - Corona                Hex            ###....      3%          1    #......
b - Slow                  Hex            ###.....     6%          2    ##.....

Your spell library contained the following spells:

 Spells                   Type           Power        Failure   Level  Hunger
 Inner Flame              Hex/Fire       #.......     26%         3    ###....
 Portal Projectile        Hex/Tloc       #.....       26%         3    ###....
 Cause Fear               Hex            ###.......   36%         4    #####..
 Leda's Liquefaction      Hex/Erth       #.........   63%         4    #####..


Dungeon Overview and Level Annotations

Branches:
Dungeon (8/15)             Temple (0/1) D:5
   Lair: D:8-11

Altars:
Cheibriados
Fedhas
Hepliaklqana
Nemelex Xobeh
Okawaru
Wu Jian
Yredelemnul
Beogh

Annotations:
D:5 Gargoyl's ghost, novice CeAK


Innate Abilities, Weirdness & Mutations

You have hooves in place of feet.
Armour fits poorly on your strangely shaped body.
You cover ground very quickly.
You have extremely tough skin. (AC +3)
Your life essence is reduced to manifest your ancestor. (-10% HP)


Message History

Aim: an orc, wielding an arbalest and wearing a scale mail You shoot an arrow.
The arrow barely misses the orc.
You hear a splash.
Tihomir hits the orc with a flail.
The orc shoots a bolt.
The bolt hits you but does no damage.
Firing (i - inventory)
d - 23 arrows (quivered)
Press: ? - help, Shift-Dir - straight line, f/p - orc
Aim: an orc, wielding an arbalest and wearing a scale mail (heavily wounded)
You shoot an arrow. The arrow hits the orc.
You kill the orc!
The orc warrior shoots a bolt.
The bolt hits you!
* * * LOW HITPOINT WARNING * * *
Items here: (( ) [ an arrow; an arbalest; 14 bolts; a scale mail You start resting.
An orc warrior comes into view. It is wielding an arbalest.
The orc shoots a bolt.
The bolt misses you.
You see here a bolt.
The orc warrior shoots a bolt.
The bolt hits you!
You die...

#......≈o
#......≈##.∩
#......≈≈#o#≈
#......≈≈≈≈≈≈
#......≈≈(≈≈≈
#......≈≈≈≈≈≈
#..(...≈≈≈≈≈≈
#((....≈≈≈≈≈≈
#@R....≈≈≈≈≈≈
#...(..≈≈≈≈≈≈
#......≈≈≈≈≈≈
#.(....≈≈≈≈≈≈
#(.....≈≈≈≈≈≈
#......≈≈≈≈≈≈
#......≈≈≈≈≈≈
#.....o≈≈≈≈≈≈≈ ≈≈#
#......≈≈#.#≈≈≈≈≈≈


You could see the friendly Tihomir the knight and an orc warrior.

Vanquished Creatures
  Duvessa (D:6)
  2 orc warriors
  An ice beast (D:7)
  3 ogres
  A necrophage (D:7)
  A centaur (D:7)
  Dowan (D:6)
  5 killer bees
  A howler monkey (D:4)
  2 crimson imps
  2 hounds
  An orc priest (D:6)
  4 orc wizards
  An iguana (D:4)
  3 worker ants
  10 adders
  A howler monkey skeleton (D:5)
  A shadow imp (D:6)
  4 adder skeletons
  A worm (D:2)
  5 dart slugs
  A leopard gecko (D:3)
  19 orcs
  2 giant cockroaches
  9 goblins
  7 hobgoblins
  5 jackals
  8 quokkas
  2 bats
  6 frilled lizards
  A goblin zombie (D:4)
  A jackal skeleton (D:4)
  11 kobolds
  An orc zombie (D:4)
  A quokka skeleton (D:4)
  9 rats
  A spectral orc (D:5)
135 creatures vanquished.

Vanquished Creatures (collateral kills)
  A hippogriff (D:7)
  A spriggan (D:7)
  A black bear (D:7)
  A phantom (D:7)
  A centaur (D:6)
  A scorpion (D:5)
  4 killer bees
  A crimson imp (D:7)
  2 orc priests
  2 orc wizards (D:7)
  An iguana (D:7)
  A worker ant (D:6)
  A mummy (D:4)
  A worker ant zombie (D:6)
  An adder (D:8)
  A shadow imp (D:7)
  An ooze (D:2)
  2 worms
  A dart slug (D:4)
  7 orcs
  A giant cockroach (D:3)
  2 kobolds (D:3)
  A rat (D:2)
36 creatures vanquished.

Vanquished Creatures (others)
  2 knights (D:5)
  2 ancestors
4 creatures vanquished.

Grand Total: 175 creatures vanquished

Notes
Turn   | Place    | Note
-------+----------+-------------------------------------------
     0 | D:1      | Narretz the Centaur Arcane Marksman began the quest for the
                  | Orb.
     0 | D:1      | Reached XP level 1. HP: 16/16 MP: 2/2
   238 | D:1      | Reached skill level 3 in Bows
   262 | D:1      | Reached XP level 2. HP: 19/23 MP: 3/3
   636 | D:1      | Reached skill level 4 in Bows
   766 | D:2      | Reached XP level 3. HP: 25/28 MP: 4/4
   804 | D:2      | You fall through a shaft for 2 floors!
   804 | D:4      | Noticed an ogre
   889 | D:3      | Found a blossoming altar of Fedhas.
   983 | D:2      | Reached skill level 5 in Bows
   983 | D:2      | Reached XP level 4. HP: 33/35 MP: 5/5
  1044 | D:2      | Learned a level 2 spell: Slow
  1046 | D:2      | Found a hazy altar of Hepliaklqana.
  1073 | D:2      | Became a worshipper of Hepliaklqana the Forgotten
  1326 | D:2      | Noticed Sigmund
  1618 | D:2      | Noticed Sigmund
  1618 | D:2      | Sigmund changed into Sigmund the worm
  1624 | D:2      | Killed Sigmund the worm
  1732 | D:2      | Reached skill level 1 in Short Blades
  1914 | D:3      | Found a faded altar of an unknown god.
  2152 | D:3      | Reached * piety under Hepliaklqana
  2721 | D:4      | Reached XP level 5. HP: 33/36 MP: 2/6
  2740 | D:4      | Got a pair of twisted gloves
  2750 | D:4      | Noticed an ogre
  2751 | D:4      | Identified the +1 pair of gloves of Hitue {*Drain rPois
                  | SInv Stlth+} (You found it on level 4 of the Dungeon)
  2762 | D:4      | Killed an ogre
  2762 | D:4      | Reached skill level 6 in Bows
  2836 | D:4      | Reached XP level 6. HP: 33/43 MP: 7/7
  3087 | D:4      | Found a snail-covered altar of Cheibriados.
  3318 | D:4      | Reached XP level 7. HP: 46/50 MP: 9/9
  3370 | D:4      | Found an ornate altar of the Wu Jian Council.
  3554 | D:5      | Entered Level 5 of the Dungeon
  3624 | D:5      | Found a staircase to the Ecumenical Temple.
  3688 | D:5      | Reached ** piety under Hepliaklqana
  3689 | D:5      | Remembered your ancestor Tihomir as a knight
  3730 | D:5      | Got a faintly glowing granite ring
  3732 | D:5      | Identified the ring of Yficloti {Fire rN+ Str+3} (You found
                  | it on level 5 of the Dungeon)
  3843 | D:5      | Found a runed gate.
  3843 | D:5      | Found a runed gate.
  3843 | D:5      | Found a runed gate.
  3844 | D:5      | Noticed Gargoyl's ghost (novice CeAK)
  3844 | D:5      | Found a roughly hewn altar of Beogh.
  3984 | D:5      | Found a basalt altar of Yredelemnul.
  4201 | D:5      | Reached skill level 7 in Bows
  4415 | D:5      | Reached skill level 1 in Stealth
  4462 | D:5      | Got a polished whip {freeze}
  4463 | D:5      | Identified the cursed +0 whip of Fedhas's Pride {freeze,
                  | rElec rF+ Str+4} (You took it off an orc on level 5 of the
                  | Dungeon)
  4695 | D:6      | Noticed Duvessa
  4698 | D:6      | Noticed Dowan
  4713 | D:6      | Killed Duvessa
  4733 | D:6      | Killed Dowan
  4733 | D:6      | Reached skill level 8 in Bows
  4858 | D:6      | Reached *** piety under Hepliaklqana
  5031 | D:6      | Reached XP level 8. HP: 47/56 MP: 11/11
  5097 | D:6      | Reached skill level 9 in Bows
  5742 | D:7      | Reached skill level 5 in Fighting
  5752 | D:7      | Reached skill level 10 in Bows
  5798 | D:7      | Found an iron altar of Okawaru.
  5807 | D:7      | Found a sparkling altar of Nemelex Xobeh.
  5827 | D:7      | Noticed a hippogriff
  5842 | D:7      | Killed a hippogriff
  5842 | D:7      | Reached skill level 1 in Maces & Flails
  5842 | D:7      | Reached XP level 9. HP: 39/66 MP: 12/12
  6478 | D:7      | Reached skill level 1 in Evocations
  6577 | D:8      | Found a flagged portal.
  6675 | D:8      | Got a blackened whip
  6797 | Bailey   | Entered a bailey
  6808 | Bailey   | Reached skill level 11 in Bows
  6833 | Bailey   | Reached **** piety under Hepliaklqana
  6892 | Bailey   | Shot with a bolt by an orc warrior

Skill      XL: |  1  2  3  4  5  6  7  8  9 |
---------------+----------------------------+-----
Bows           | 3 4 5 6 8 10 11 | 11.0
Short Blades   | 1 |  1.1
Dodging        | 2 3 4 |  4.0
Fighting       | 2 3 5 6 |  6.0
Hexes          | 3 |  3.8
Stealth        | 1 2 |  2.0
Spellcasting   | 2 |  2.4
Maces & Flails | 1 |  1.6
Evocations     | 1 |  1.0

Action                   |  1- 3 |  4- 6 |  7- 9 || total
-------------------------+-------+-------+-------++-------
Melee: Mace              |     4 |       |       ||     4
       Dagger            |    30 |   185 |   113 ||   328
       Kick              |     4 |    26 |    38 ||    68
       Whip              |       |       |    31 ||    31
       Flail             |       |       |    12 ||    12
 Fire: Shortbow          |   102 |    37 |   157 ||   296
 Cast: Corona            |       |     4 |       ||     4
       Slow              |       |     9 |     9 ||    18
Invok: Recall Ancestor   |       |     7 |    10 ||    17
       Ancestor Identity |       |     2 |       ||     2
       Ancestor Life: Kn |       |       |     1 ||     1
Evoke: Wand              |       |     2 |     5 ||     7
  Use: Potion            |       |       |     6 ||     6
       Scroll            |       |       |     2 ||     2
 Stab: Sleeping          |       |     4 |     2 ||     6
       Invisible         |       |       |     1 ||     1
       Paralysed         |       |       |     2 ||     2
  Eat: Chunk             |       |     6 |     6 ||    12
       Ration            |       |       |     1 ||     1
Armor: Robe              |    21 |    74 |    97 ||   192
Dodge: Dodged            |    33 |    86 |   120 ||   239
